 Dungeon Sprint DCSS version 0.21-a0-417-g0adc95b (webtiles) character file.

451 Ghalim the Protected (level 7, 0/51 HPs)
             Began as a Gargoyle Fighter on Nov 3, 2017.
             Was an Initiate of Okawaru.
             Slain by Sonja
             ... wielding a +2 short sword of venom
              (5 damage)
             ... in the Dungeon (Sprint I: "Red Sonja").
             The game lasted 00:02:24 (442 turns).

Ghalim the Protected (Gargoyle Fighter)              Turns: 442, Time: 00:02:24

Health: 0/51       AC: 13    Str: 22    XL:     7   Next: 4%
Magic:  7/7        EV:  8    Int:  8    God:    Okawaru [......]
Gold:   297        SH: 11    Dex:  9    Spells: 6/6 levels left

rFire    . . .     SeeInvis .   a - +0 flail
rCold    . . .     Gourm    .   c - +0 shield
rNeg     + . .     Faith    .   b - +0 scale mail
rPois    ∞         Spirit   .   (no helmet)
rElec    +         Reflect  .   (no cloak)
rCorr    .         Harm     .   (no gloves)
MR       .....     NoTele   +   (no boots)
Stlth    ..........             (no amulet)
HPRegen  0.17/turn              (no ring)
MPRegen  0.10/turn              (no ring)

@: no status effects
A: negative energy resistance 1, electricity resistance, unbreathing,
petrification resistance, rot immunity, AC +4
a: Renounce Religion


You were in the Dungeon.
You worshipped Okawaru.
Okawaru was noncommittal.
You were not hungry.

You visited 1 branch You collected 297 gold pieces.

Inventory:

Hand Weapons
 a - a +0 flail (weapon)
Armour
 b - a +0 scale mail (worn)
 c - a +0 shield (worn)
Wands
 j - a wand of random effects (16/48)
Scrolls
 k - a scroll of blinking
Potions
 e - a potion of curing
 g - a potion of heal wounds
 h - a potion of haste
 i - 2 potions of magic
Comestibles
 d - a meat ration
 f - a bread ration


   Skills:
 + Level 9.2 Fighting
 + Level 4.6 Maces & Flails
 + Level 9.6 Armour
 + Level 9.4 Shields


You had 6 spell levels left.
You didn't know any spells.

Dungeon Overview and Level Annotations

Branches:
Dungeon (1/1)

Altars:
Cheibriados
Dithmenos
Elyvilon
Fedhas
Gozag
Hepliaklqana
Kikubaaqudgha
Nemelex Xobeh
Okawaru
Qazlal
Ru
Sif Muna
Trog
Uskayaw
Vehumet
Wu Jian
Yredelemnul
Zin
The Shining One

Shops:
D [

Annotations:
D Sonja


Innate Abilities, Weirdness & Mutations

You are resistant to torment.
Your stone body is resilient. (AC +4)
You are immune to poison.
You resist negative energy. (rN+)
You are resistant to electric shocks. (rElec)
You can survive without breathing.
You are immune to petrification.
You are immune to rotting.


Message History

It stops dripping with poison.
Sonja wields an uncursed blowgun.
Sonja shoots a curare-tipped needle.
The curare-tipped needle hits you.
There is an open door, spattered with blood here.
You see here a curare-tipped needle.
There's something blocking the doorway.
Sonja shoots a curare-tipped needle.
You block the curare-tipped needle.
There is an open door, spattered with blood here.
You see here 2 curare-tipped needles.
Sonja unwields an uncursed blowgun.
Sonja wields an uncursed short sword of venom.
It begins to drip with poison!
Sonja hits you with an uncursed short sword of venom!
* * * LOW HITPOINT WARNING * * *
You block Sonja's attack. Sonja closely misses you.
There is a radiant altar of Vehumet here.
You barely miss Sonja. You block Sonja's attack.
Sonja hits you but does no damage. You block Sonja's attack.
Sonja hits you but does no damage.
Sonja hits you with an uncursed short sword of venom.
You die...

################
#<.#..').#..'..#
#..[..#..').#..+
#..#####'#####'#
#..####..#...#.#
#..#__####.(##)#
#..#_____##'#_.+
#⌠⌠#_.∩...((.._#
####_..__##@.#+#
#_____###K#
####### #.# $.$
$.$# ##.## #+#


You could see Sonja.

Vanquished Creatures
  Sigmund (D)
  A yak (D)
  An ogre (D)
  A jelly (D)
  Ijyb (D)
5 creatures vanquished.

Notes
Turn   | Place    | Note
-------+----------+-------------------------------------------
     0 | D        | Ghalim the Gargoyle Fighter began the quest for the Orb.
     0 | D        | Reached XP level 1. HP: 14/14 MP: 1/1
     2 | D        | Noticed Ijyb
    12 | D        | Killed Ijyb
    12 | D        | Reached XP level 2. HP: 20/20 MP: 2/2
    12 | D        | Reached XP level 3. HP: 25/25 MP: 3/3
    47 | D        | Noticed an ogre
    51 | D        | Killed an ogre
    51 | D        | Reached XP level 4. HP: 32/32 MP: 4/4
    62 | D        | Noticed Sigmund
    69 | D        | Killed Sigmund
    69 | D        | Reached XP level 5. HP: 18/39 MP: 5/5
    69 | D        | Reached XP level 6. HP: 20/44 MP: 6/6
   248 | D        | Found an ornate altar of the Wu Jian Council.
   248 | D        | Found a deep blue altar of Sif Muna.
   250 | D        | Found a radiant altar of Vehumet.
   353 | D        | Found Waxty's Antique Armour Emporium.
   353 | D        | Found an ancient bone altar of Kikubaaqudgha.
   353 | D        | Found a hazy altar of Hepliaklqana.
   353 | D        | Found a stormy altar of Qazlal.
   353 | D        | Found a hide-covered altar of Uskayaw.
   353 | D        | Found a blossoming altar of Fedhas.
   353 | D        | Found a bloodstained altar of Trog.
   353 | D        | Found an iron altar of Okawaru.
   353 | D        | Found a basalt altar of Yredelemnul.
   353 | D        | Found a glowing golden altar of the Shining One.
   353 | D        | Found a snail-covered altar of Cheibriados.
   353 | D        | Found a sacrificial altar of Ru.
   353 | D        | Found a glowing silver altar of Zin.
   353 | D        | Found a shadowy altar of Dithmenos.
   353 | D        | Found a white marble altar of Elyvilon.
   353 | D        | Noticed a yak
   366 | D        | Killed a yak
   366 | D        | Reached XP level 7. HP: 43/51 MP: 7/7
   367 | D        | Found an opulent altar of Gozag.
   368 | D        | Found a sparkling altar of Nemelex Xobeh.
   413 | D        | Became a worshipper of Warmaster Okawaru
   422 | D        | Noticed Sonja
   442 | D        | Slain by Sonja

Vault maps used:
D:        dungeon_sprint_1

Skill      XL: |  1  2  3  4  5  6 |
---------------+-------------------+-----
Fighting       | 4 6 8 9 |  9.2
Armour         | 4 6 8 9 |  9.6
Shields        | 4 6 8 9 |  9.4
Maces & Flails | 3 4 |  4.6

Action                   |  1- 3 |  4- 6 |  7- 9 || total
-------------------------+-------+-------+-------++-------
Melee: Flail             |    12 |    25 |    12 ||    49
  Use: Potion            |     2 |       |       ||     2
Armor: Scale mail        |     1 |     5 |    18 ||    24
Dodge: Dodged            |     4 |     8 |     9 ||    21
Block: Shield            |     3 |     7 |    18 ||    28

Table legend:
 A = Spawn XP
 B = Non-spawn XP
 C = Spawn XP percentage of total XP
 D = Spawn monster count
 E = Non-spawn monster count
 F = Spawn count percentage of total count
 G = Total turns spent on level
                    A         B        C        D         E        F      G
               +---------+---------+-------+---------+---------+-------+---------
         Total |       0 |     645 |   0.0 |       0 |       5 |   0.0 |   442
               +---------+---------+-------+---------+---------+-------+---------
             D |       0 |     645 |   0.0 |       0 |       5 |   0.0 |   442
               +---------+---------+-------+---------+---------+-------+---------
